 Dungeon Crawl Stone Soup version 0.31.0-12-g77e489cdc1 (webtiles) character file.

Game seed: 3177717912360939264

91 spaghetti the Trooper (level 4, -1/38 HPs)
             Began as a Demonspawn Chaos Knight on Mar 1, 2024.
             Was a Plaything of Xom.
             Succumbed to a scorpion's poison
             ... on level 4 of the Dungeon.
             The game lasted 00:01:31 (859 turns).

spaghetti the Trooper (Demonspawn Chaos Knight)      Turns: 859, Time: 00:01:32

Health: -1/38      AC:  5    Str: 12    XL:     4   Next: 33%
Magic:  4/4        EV: 11    Int: 15    God:    Xom [..*...]
Gold:   14         SH:  4    Dex: 12    Spells: 3/3 levels left

rFire   . . .        e - +2 dagger (speed)
rCold   . . .        (no shield)
rNeg    . . .        a - +2 leather armour
rPois   .            (no helmet)
rElec   .            (no cloak)
rCorr   .            (no gloves)
SInv    .            (no boots)
Will    .....        (no amulet)
Stlth   +            (no ring)
HPRegen 0.26/turn    (no ring)
MPRegen 0.09/turn

%: no passive effects
@: lethally poisoned (-1 -> -5), on berserk cooldown, attractive
A: hooves 2, large bone plates 1
a: Renounce Religion


You were on level 4 of the Dungeon.
You worshipped Xom.
You were a toy of Xom.
You visited 1 branch of the dungeon, and saw 3 of its levels.

You collected 14 gold pieces.

Inventory:

Hand Weapons
 e - a +2 dagger of speed (weapon)
Armour
 a - a +2 leather armour (worn)
Jewellery
 g - an amulet of magic regeneration
Scrolls
 b - a scroll of butterflies
 h - a scroll of teleportation
 k - a scroll of acquirement {unknown}
Potions
 j - a potion of magic {unknown}


   Skills:
 + Level 4.4 Fighting
 - Level 1.7 Armour
 - Level 0.8 Dodging
 - Level 3.6 Unarmed Combat


You had 3 spell levels left.
You didn't know any spells.
Your spell library was empty.

Dungeon Overview and Level Annotations

Branches:
Dungeon (2/15)

Altars:

Shops:
D:1 *


Innate Abilities, Weirdness & Mutations

You have hoof-like feet.
You are partially covered in large bone plates. (SH +4)


Message History

* * * LOW HITPOINT WARNING * * *
You feel sick. The scorpion stings you.
* * * LOW HITPOINT WARNING * * *
You puncture the scorpion!
You kill the scorpion!
* * * LOW HITPOINT WARNING * * *
You feel sick.
Your Fighting skill increases to level 4!
You have reached level 4!
You feel clever.
Your demonic ancestry asserts itself...
Your feet thicken and deform.
You puncture the endoplasm!
You kill the endoplasm!
* * * LOW HITPOINT WARNING * * *
You feel sick.
* * * LOW HITPOINT WARNING * * *
You feel sick.
There is a lethal amount of poison in your body!
You are too berserk!
There is a lethal amount of poison in your body!
You feel a strong urge to attack something.
* * * LOW HITPOINT WARNING * * *
You feel sick.
* * * LOW HITPOINT WARNING * * *
You feel sick.
Unknown command.
You feel your anger nearly subside.
You are no longer berserk.
You are exhausted.
You feel yourself slow down.
* * * LOW HITPOINT WARNING * * *
You feel sick.
Unknown command.
Unknown command.
Unknown command.
It was a potion of cancellation.
Your magical effects are unravelling.
You feel magically purged.
You feel yourself speed up.
You feel a little less clever now.
You die...
Xom guffaws!

#.###..## #.# #..#
### ###.###..#####
#<. #............#
#.#
####.#.########.#
#. ###.###....#.#
#..#.......####.#
##...#.###### #.#
..........@..###.#
..#...#...##......#
....#.###..J..###..
... . ##.?..# .. ..
..##.# . .. .### .#
... .. .# ## .#


There were no monsters in sight!

Vanquished Creatures
  A scorpion (D:4)
  A dart slug (D:1)
  A bat (D:1)
  2 endoplasms
  2 giant cockroaches (D:1)
  3 goblins (D:1)
  A hobgoblin (D:1)
  3 jackals (D:1)
  3 quokkas (D:1)
  3 ball pythons (D:1)
  6 kobolds (D:1)
  2 rats (D:1)
28 creatures vanquished.

Notes
Turn   | Place    | Note
-------+----------+-------------------------------------------
     0 | D:1      | spaghetti the Demonspawn Chaos Knight began the quest for
                  | the Orb.
     0 | D:1      | Reached XP level 1. HP: 18/18 MP: 1/1
    72 | D:1      | XOM: butterfly on damage
    73 | D:1      | XOM: smoke on damage
   171 | D:1      | Gained mutation: You are partially covered in large bone
                  | plates. (SH +4) [demonic ancestry]
   171 | D:1      | Reached XP level 2. HP: 22/24 MP: 2/2
   358 | D:1      | XOM: divination: detect creatures
   429 | D:1      | XOM: silly message
   578 | D:1      | Found Zenkyaw's General Store.
   601 | D:1      | XOM: divination: detect creatures
   602 | D:1      | Gained mutation: You have large cloven feet. [demonic
                  | ancestry]
   602 | D:1      | Reached XP level 3. HP: 29/29 MP: 3/3
   799 | D:2      | You fall into a shaft and drop 2 floors!
   839 | D:4      | Noticed a scorpion
   853 | D:4      | Killed a scorpion
   854 | D:4      | Reached skill level 4 in Fighting
   854 | D:4      | Gained mutation: You have hoof-like feet. [demonic
                  | ancestry]
   854 | D:4      | Reached XP level 4. HP: 6/38 MP: 4/4
   858 | D:4      | HP: 1/38 [poisoned by a scorpion]
   859 | D:4      | Succumbed to a scorpion's poison

Illustrated notes

Levels and vault maps discovered:
D:1:      psy_arrival_statuary, layout_basic, serial_shops, shop,
          minmay_misc_feat_room, minivault_24, minmay_pentomino_q4
D:2:      layout_basic, serial_rivers, chequers_serial_rivers_micro_b,
          chequers_serial_rivers_small_b, chequers_serial_rivers_marsh,
          chequers_serial_rivers_room_a, basic_ecumenical_altar, chequers_avenue
D:4:      layout_rooms, kennysheep_little_box

Skill      XL: |  1  2  3 |
---------------+----------+-----
Unarmed Combat | 3 |  3.6
Fighting       | 4 |  4.4
Armour         | |  1.7
Dodging        | |  0.8

Action                     |  1- 3 |  4- 6 || total
---------------------------+-------+-------++-------
  Melee: Unarmed           |    93 |       ||    93
         Punch             |     2 |       ||     2
         Dagger            |    48 |     1 ||    49
         Kick              |     3 |       ||     3
    Use: Potion            |     3 |     1 ||     4
         Scroll            |     1 |       ||     1
 Armour: Leather armour    |    71 |       ||    71
  Dodge: Dodged            |    60 |       ||    60
  Block: Other             |    13 |       ||    13
